 Dungeon Crawl Stone Soup version 0.31-a0-1083-g4fe0c3d (webtiles) character file.

Game seed: 17022550372291615251

1929605 DevouringOne the Wrestler (level 24, 202/217 HPs)
             Began as a Vampire Artificer on Nov 27, 2023.
             Was an Initiate of Gozag.
             Escaped with the Orb
             ... and 3 runes!
             The game lasted 01:21:30 (49474 turns).

DevouringOne the Wrestler (Vampire Artificer)      Turns: 49474, Time: 01:21:31

Health: 202/217    AC: 48    Str: 26    XL:     24   Next: 47%
Magic:  25/25      EV:  9    Int: 16    God:    Gozag
Gold:   2811       SH: 22    Dex: 19    Spells: 23/23 levels left

rFire   + +          +
                       - Unarmed
rCold   + + +        K - +2 shield of Resistance {rF++ rC++ Will++}
rNeg    + + .        Q - +9 scales of the Dragon King {rPois rF+ rC+ Will+}
rPois   +            T - +2 helmet {Int+3}
rElec   +            Z - +2 cloak {rCorr}
rCorr   +            X - +3 pair of gauntlets of War {Slay+5}
SInv    +            x - +2 pair of boots {Stlth+}
Will    +++++        O - amulet "Iriut" {Reflect rC++ SH+5 SInv} Stlth
                     w - ring "Kamirgh" {Drain rN++ AC+4 Str+3 SInv}
HPRegen 0.76/turn    A - ring of Lies {rElec Will+ Dex+3 Slay+2}
MPRegen 0.19/turn

%: reflection
@: healing quickly, studying 2 skills
A: alive, fangs 3, see invisible, vampiric 2, claws 1, high MP 1, strong 1
0: Orb of Zot
}: 3/15 runes: serpentine, barnacled, silver
a: Exsanguinate, Renounce Religion, Potion Petition, Call Merchant, Bribe Branch


You escaped.
You worshipped Gozag.
Gozag was most pleased with you.
You visited 10 branches of the dungeon, and saw 48 of its levels.
You visited 1 ziggurat, and saw 4 of its levels.
You also visited: Bailey, Gauntlet and Wizlab.

You collected 23965 gold pieces.
You spent 9355 gold pieces at shops.
You paid 11799 gold pieces to Gozag.

Inventory:

Missiles
 q - 17 curare-tipped darts
 P - 17 silver javelins
Armour
 x - a +2 pair of boots of stealth (worn)
 K - the +2 shield of Resistance (worn) {rF++ rC++ Will++}
   (You bought it in a shop on level 1 of the Depths)

   rF++:      It greatly protects you from fire.
   rC++:      It greatly protects you from cold.
   Will++:    It greatly increases your willpower.
 Q - the +9 scales of the Dragon King (worn) {rPois rF+ rC+ Will+}
   (You bought it in a shop on level 7 of the Dungeon)

   rF+:       It protects you from fire.
   rC+:       It protects you from cold.
   rPois:     It protects you from poison Will+: It increases your willpower.
 T - a +2 helmet of intelligence (worn)
 X - the +3 pair of gauntlets of War (worn) {Slay+5}
   (You bought it in a shop on level 2 of the Lair of Beasts)

   Slay+5:    It affects your accuracy & damage with ranged weapons and melee
   (+5).
 Z - a +2 cloak of preservation (worn)
Jewellery
 w - the ring "Kamirgh" (left hand) {Drain rN++ AC+4 Str+3 SInv}
   (You bought it in a shop on level 1 of the Vaults)

   [ring of protection]

   AC+4:      It affects your AC (+4).
   Str+3:     It affects your strength (+3).
   rN++:      It greatly protects you from negative energy.
   SInv:      It lets you see invisible.
   Drain:     It drains your maximum health when unequipped.
 A - the ring of Lies (right hand) {rElec Will+ Dex+3 Slay+2}
   (You bought it in a shop on level 1 of the Vaults)

   [ring of willpower]

   Dex+3:     It affects your dexterity (+3).
   Slay+2:    It affects your accuracy & damage with ranged weapons and melee
   (+2).
   rElec:     It insulates you from electricity.
   Will+:     It increases your willpower.
 B - a ring of protection from fire
 O - the amulet "Iriut" (around neck) {Reflect rC++ SH+5 SInv}
   (You took it off a deep elf sorcerer on level 3 of the Elven Halls)

   [amulet of reflection]

   Reflect:   It reflects blocked missile attacks.
   rC++:      It greatly protects you from cold.
   SInv:      It lets you see invisible.
   SH+5:      It affects your SH (+5).
Wands
 d - a wand of charming (4)
 r - a wand of mindburst (10)
 u - a wand of light (21)
 y - a wand of polymorph (29)
 D - a wand of roots (52)
 R - a wand of digging (3)
 S - a wand of paralysis (38)
Scrolls
 e - 14 scrolls of teleportation
 i - a scroll of enchant armour
 k - a scroll of silence
 l - 7 scrolls of fear
 m - 2 scrolls of amnesia
 p - 5 scrolls of torment
 v - 4 scrolls of vulnerability
 z - 2 scrolls of fog
 C - 3 scrolls of immolation
 E - a scroll of blinking
 M - a scroll of butterflies
 V - 2 scrolls of poison
Potions
 a - 3 potions of cancellation
 b - 5 potions of mutation
 c - a potion of ambrosia
 f - 3 potions of magic
 g - 6 potions of lignification
 h - 2 potions of resistance
 j - 6 potions of attraction
 o - 2 potions of might
 s - 4 potions of brilliance
 t - 15 potions of curing
 F - 10 potions of heal wounds
 I - 2 potions of haste
 N - 3 potions of enlightenment
 W - 3 potions of invisibility
 Y - 3 potions of berserk rage
Miscellaneous
 G - a phantom mirror
 J - a box of beasts
 L - a lightning rod (4/4)
 U - a phial of floods


   Skills:
 - Level 24.2 Fighting
 - Level 15.1 Armour
 - Level 8.5 Dodging
 - Level 1.5 Stealth
 + Level 17.2 Shields
 - Level 26.5 Unarmed Combat
 - Level 2.6 Evocations


You had 23 spell levels left.
You didn't know any spells.
Your spell library contained the following spells:

 Spells                   Type           Power      Damage    Failure   Level
 Apportation              Tloc           0%         N/A       100%        1
 Foxfire                  Conj/Fire      0%         2x1d4     100%        1
 Freeze                   Ice            0%         1d3       100%        1
 Magic Dart               Conj           0%         1d3       100%        1
 Necrotise                Necr           0%         1d4       100%        1
 Slow                     Hex            0%         N/A       100%        1
 Sting                    Tmut/Pois      0%         1d3       100%        1
 Summon Small Mammal      Summ           0%         N/A       100%        1
 Blink                    Tloc           0%         N/A       100%        2
 Call Imp                 Summ           0%         N/A       100%        2
 Cigotuvi's Dreadful Rot  Necr/Pois/Air  0%         N/A       100%        2
 Ensorcelled Hibernation  Hex/Ice        0%         N/A       100%        2
 Jinxbite                 Hex            0%         N/A       100%        2
 Lesser Beckoning         Tloc           0%         N/A       100%        2
 Momentum Strike          Conj/Tloc      0%         3d8       100%        2
 Passwall                 Tmut/Erth      0%         N/A       100%        2
 Poisonous Vapours        Pois/Air       0%         N/A       100%        2
 Searing Ray              Conj           0%         2d4       100%        2
 Static Discharge         Conj/Air       0%         3-3/arc   100%        2
 Call Canine Familiar     Summ           0%         N/A       100%        3
 Confusing Touch          Hex            0%         N/A       100%        3
 Dazzling Flash           Conj/Hex       0%         N/A       100%        3
 Gell's Gravitas          Tloc           0%         N/A       100%        3
 Mephitic Cloud           Conj/Pois/Air  0%         N/A       100%        3
 Ozocubu's Armour         Ice            0%         N/A       100%        3
 Sigil of Binding         Hex            0%         N/A       100%        3
 Stone Arrow              Conj/Erth      0%         3d7       100%        3
 Summon Guardian Golem    Hex/Summ       0%         N/A       100%        3
 Swiftness                Air            0%         N/A       100%        3
 Teleport Other           Tloc           0%         N/A       100%        3
 Tukima's Dance           Hex            0%         N/A       100%        3
 Vampiric Draining        Necr           0%         2d6       100%        3
 Volatile Blastmotes      Fire/Tloc      0%         2d10      100%        3
 Airstrike                Air            0%         2d(0-16)  100%        4
 Anguish                  Hex/Necr       0%         N/A       100%        4
 Animate Armour           Summ/Erth      0%         N/A       100%        4
 Brom's Barrelling Bould  Conj/Erth      0%         2d3       100%        4
 Cause Fear               Hex            0%         N/A       100%        4
 Dimensional Bullseye     Hex/Tloc       0%         N/A       100%        4
 Dispel Undead            Necr           0%         3d6       100%        4
 Fulminant Prism          Conj/Hex       0%         3d5       100%        4
 Iskenderun's Mystic Bla  Conj/Tloc      0%         2d3       100%        4
 Leda's Liquefaction      Hex/Erth       0%         N/A       100%        4
 Manifold Assault         Tloc           0%         N/A       100%        4
 Olgreb's Toxic Radiance  Pois           0%         N/A       100%        4
 Summon Ice Beast         Ice/Summ       0%         N/A       100%        4
 Summon Lightning Spire   Summ/Air       0%         N/A       100%        4
 Agony                    Necr           0%         N/A       100%        5
 Alistair's Intoxication  Tmut/Pois      0%         N/A       100%        5
 Fireball                 Conj/Fire      0%         3d3       100%        5
 Freezing Cloud           Conj/Ice/Air   0%         6-21      100%        5
 Irradiate                Conj/Tmut      0%         3d11      100%        5
 Iskenderun's Battlesphe  Conj           0%         2d6       100%        5
 Lee's Rapid Deconstruct  Erth           0%         3d4*      100%        5
 Summon Forest            Summ/Tloc      0%         N/A       100%        5
 Summon Mana Viper        Hex/Summ       0%         N/A       100%        5
 Yara's Violent Unravell  Hex/Tmut       0%         3d3       100%        5
 Bombard                  Conj/Erth      0%         9d1       100%        6
 Death Channel            Necr           0%         N/A       100%        6
 Dispersal                Tloc           0%         N/A       100%        6
 Eringya's Noxious Bog    Tmut/Pois      0%         4d6       100%        6
 Plasma Beam              Fire/Air       0%         2x1d10    100%        6
 Starburst                Conj/Fire      0%         6d3       100%        6
 Summon Cactus Giant      Summ           0%         N/A       100%        6
 Haunt                    Necr/Summ      0%         N/A       100%        7
 Ozocubu's Refrigeration  Ice            0%         4d7       100%        7
 Spellforged Servitor     Conj/Summ      0%         N/A       100%        7
 Disjunction              Tloc           0%         N/A       100%        8
 Infestation              Necr           0%         N/A       100%        8
 Lehudib's Crystal Spear  Conj/Erth      0%         10d2      100%        8
 Maxwell's Capacitive Co  Air            0%         ∞         100%        8
 Dragon's Call            Summ           0%         N/A       100%        9
 Polar Vortex             Ice            0%         N/A       100%        9
 Animate Dead             Necr           Unusable   N/A       N/A         4
 Simulacrum               Ice/Necr       Unusable   N/A       N/A         6

Dungeon Overview and Level Annotations

Branches:
Dungeon (15/15)            Temple (1/1) D:6            Lair (5/5) D:8
 Shoals (4/4) Lair:3        Snake (4/4) Lair:3        Slime (0/5) Lair:4
    Orc (2/2) D:9             Elf (3/3) Orc:2        Vaults (5/5) D:14
  Crypt (0/3) Vaults:2     Depths (4/4) D:15            Zot (5/5) Depths:4
 Bailey (visited)          WizLab (visited)         Gauntlet (visited)

Altars:
Ashenzari
Cheibriados
Dithmenos
Fedhas
Gozag
Kikubaaqudgha
Makhleb
Nemelex Xobeh
Okawaru
Qazlal
Ru
Sif Muna
Trog
Uskayaw
Vehumet
Wu Jian
Xom
Yredelemnul

Shops:
D:4 !   D:7 [   D:8 :   D:13 *   Orc:2 (![(   Elf:3 (   Lair:2 [   Shoals:1 [
Shoals:2 =   Snake:1 ![   Vaults:1 =[   Vaults:2 (   Vaults:3 (   Depths:1 [[

Portals:
Hell: Depths:1 Depths:4
Abyss: Snake:1 Depths:4
Pandemonium: Depths:2

Annotations:
D:3 1 runed translucent door, Crazy Yiuf
Temple 2 transporters
Lair:2 exclusion: oklob plant
Lair:4 3 runed translucent doors, ulamog's ghost, journeyman GrCj
Snake:1 2 transporters, Taxman1966's ghost, adept TrBe
Orc:1 Snorg
Orc:2 2 transporters, Agrajec's ghost, journeyman SpHu
Elf:2 3 runed translucent doors


Innate Abilities, Weirdness & Mutations

Your natural rate of healing is accelerated.
You have razor-sharp teeth.
You have supernaturally acute eyesight. (SInv)
You are afflicted with vampirism and can become a bat while bloodless.
You have sharp fingernails.
You have an increased reservoir of magic. (+10% MP)
Your muscles are strong. (Str +4, Int/Dex -1)


Message History

You kill the Orb Guardian!
What level of the Dungeon? (default 1, ? - help)
You now have 2811 gold pieces (gained 30).
A sun demon comes into view.
You punch the sun demon! You bite the sun demon.
The sun demon is moderately wounded.
The sun demon barely misses you.
You pummel the sun demon like a punching bag!!!
You kill the sun demon!
No target in view!
No target in view!
No target in view!
No target in view!
There is a stone staircase leading up here.
You climb upwards.
There is a stone staircase leading down here.
What level of the Dungeon? (default 3, ? - help)
There is a stone staircase leading up here.
You climb upwards.
There is a stone staircase leading down here.
As you read the scroll of teleportation, it crumbles to dust.
You feel strangely unstable.
You feel the Orb delaying your translocation!
You start resting.
Your surroundings suddenly seem different.
Blink to where?
Press: ? - help, Q - select action, (/) - cycle Dir - move target
As you read the scroll of blinking, it crumbles to dust.
Aiming: Dig
Press: ? - help, Q - select action, (/) - cycle Shift-Dir - straight line You can't see that place. [a rock wall.]
The rock shatters into small pieces.
Blink to where?
Press: ? - help, Q - select action, (/) - cycle Dir - move target
As you read the scroll of blinking, it crumbles to dust.
Blink to where?
Press: ? - help, Q - select action, (/) - cycle Dir - move target
As you read the scroll of blinking, it crumbles to dust.
You have escaped!

#.# .####....########## #.#
#..#####..........# #.# #..#
###........# #.# #..##
##...).....# #.# #...#
#..#.......# #.# #...#
#.##.......# #.#
##...####.##.......#
#.#########.....#...##.......#
#.##....[....@....####........
#.##.######.....### #........
#†##.# ##...## #........
#†#..# #...# ########. ##.#.##
#...# ##########. #....# ##.##
#.......... #....# ##### #.#
#.########. #....###...###.#
#.#...# ##
#....'.......########.#...# #


There were no monsters in sight!

Vanquished Creatures
  A dread lich (Zot:5)
  An orb of fire (Zot:5)
  2 ancient liches (Vaults:5)
  2 pandemonium lords (Depths:4)
  Frederick (Vaults:2)
  Saint Roka (Snake:3)
  5 Killer Klowns (Zot:5)
  A curse toe (Zot:3)
  4 golden dragons
  Norris (Vaults:2)
  An electric golem (Zot:5)
  A Hell Sentinel (Zig:4)
  13 Orb Guardians
  3 titans (Vaults:5)
  2 tentacled monstrosities
  2 liches
  3 deep elf blademasters (Elf:3)
  A quicksilver dragon (Vaults:5)
  3 sphinxes
  4 deep elf master archers (Elf:3)
  Agnes (D:15)
  Kirke (Shoals:1)
  2 death cobs
  6 storm dragons
  11 tengu reavers
  4 nagarajas (Snake:4)
  4 shadow dragons
  Donald (Elf:1)
  2 draconian monks (Depths:4)
  A fire giant (Vaults:1)
  A draconian knight (Zot:5)
  A quicksilver elemental (Zig:3)
  3 iron dragons (Vaults:5)
  8 frost giants
  3 deep elf sorcerers (Elf:3)
  2 ghost moths (Zot:5)
  2 deep elf elementalists (Elf:3)
  A balrug (Depths:1)
  Louise (Snake:3)
  15 vault wardens
  2 angels
  A draconian shifter (Depths:4)
  3 orc warlords
  11 very ugly things
  20 ironbound preservers
  2 war gargoyles
  A draconian stormcaller (Zot:5)
  2 spriggan defenders (Depths:4)
  7 ironbound thunderhulks
  A formless jellyfish (Vaults:4)
  3 stone giants
  6 dire elephants
  Nessos (Lair:4)
  2 purple draconians
  10 deep elf annihilators
  2 deep elf demonologists
  4 white draconians
  A red draconian (Zot:5)
  2 black draconians
  A minotaur (Gauntlet)
  4 spark wasps (Depths:4)
  3 yellow draconians
  A crystal guardian (Vaults:4)
  7 deep elf death magi (Elf:3)
  7 merfolk javelineers
  An iron golem (Zig:3)
  8 merfolk impalers (Shoals:4)
  A blizzard demon (D:6)
  14 ettins
  3 jiangshi (Depths:1)
  4 fire dragons
  4 ice dragons
  33 vault guards
  3 entropy weavers
  4 deep elf high priests
  A hell beast (Depths:4)
  5 hydras
  7 great orbs of eyes
  17 yaktaur captains
  2 peacekeepers (Vaults:4)
  The ghost of Gomom the Spry, a journeyman SpHu of Qazlal (D:12)
  A ghost crab (Zig:1)
  11 ironbound frosthearts
  An ogre mage (D:15)
  4 catoblepae
  2 salamander tyrants
  2 death knights (Vaults:2)
  A sphinx zombie (Depths:1)
  7 two-headed ogres
  3 spriggan air magi
  6 anacondas
  6 merfolk aquamancers
  11 death yaks
  11 dancing weapons
  A two-headed ogre (shapeshifter) (Vaults:4)
  2 satyrs
  A deep troll shaman (Depths:1)
  20 centaur warriors
  2 tengu warriors
  6 boulder beetles
  7 shock serpents
  9 deep troll earth magi
  3 alligator snapping turtles
  4 spriggan berserkers
  2 orc high priests
  A vampire mage (Depths:1)
  13 naga sharpshooters
  20 naga warriors
  4 sun demons
  Amaemon (D:8)
  14 deep elf knights
  A crystal echidna (Zig:3)
  4 salamander mystics
  A skeletal warrior (D:11)
  10 skysharks
  A soul eater (Depths:4)
  3 iron trolls (Depths:1)
  A sixfirhy (Depths:4)
  A fire crab (Gauntlet)
  3 shadow demons
  A flayed ghost (Vaults:5)
  10 sea snakes
  2 cherubim (Shoals:4)
  47 deep trolls
  7 naga ritualists
  A deep troll (shapeshifter) (Vaults:3)
  5 phantasmal warriors
  3 glowing orange brains
  5 deep elf archers
  8 arcanists
  Pikel (D:4)
  7 lindwurms
  12 harpies (Shoals:4)
  An orange crystal statue (Zig:4)
  22 ironbound convokers
  8 mana vipers
  27 deep elf pyromancers
  4 necromancers
  7 orc knights
  A shining eye (Zig:2)
  21 ugly things
  19 deep elf zephyrmancers
  3 orc sorcerers
  A fire giant zombie (Depths:1)
  17 salamanders
  2 wolf spiders
  10 fauns
  Maurice (D:11)
  3 moths of wrath
  6 cyclopes
  14 manticores
  3 elephants (Lair:5)
  8 guardian serpents
  5 merfolk sirens
  8 large abominations (Depths:4)
  27 black mambas
  An eye of devastation (Depths:1)
  3 smoke demons
  2 molten gargoyles (D:11)
  5 water nymphs
  An eye of devastation (shapeshifter) (Vaults:3)
  A black mamba (shapeshifter) (Elf:1)
  2 torpor snails
  16 naga magi
  Joseph (D:7)
  An ice statue (Shoals:1)
  20 vault sentinels
  2 rust devils (Depths:4)
  10 cane toads
  6 gargoyles
  An orange demon (D:15)
  9 komodo dragons
  38 yaktaurs
  4 unseen horrors
  4 kobold demonologists
  4 rime drakes
  2 freezing wraiths
  26 merfolk
  A tengu conjurer (Depths:1)
  A red devil (D:6)
  6 trolls
  3 meliai (D:13)
  2 hornets (Depths:4)
  4 polar bears
  A tarantella (shapeshifter) (D:12)
  34 blink frogs
  A tyrant leech (shapeshifter) (Vaults:5)
  3 glass eyes
  A blink frog (shapeshifter) (D:14)
  6 wind drakes
  A raiju (shapeshifter) (Vaults:5)
  5 dream sheep
  8 snapping turtles
  A jumping spider (Vaults:4)
  A shadow (D:10)
  A ynoxinul (Depths:1)
  2 spriggans (Depths:4)
  19 slime creatures
  4 wraiths
  6 water elementals
  4 wyverns
  3 centaur simulacra (Gauntlet)
  3 fire bats (Gauntlet)
  68 yaks
  2 golden eyes (D:13)
  4 basilisks
  A chaos spawn (Depths:4)
  3 fire elementals
  5 hogs (Shoals:2)
  A redback (Vaults:1)
  2 steam dragons
  4 wargs
  A spriggan simulacrum (Depths:1)
  10 vampire mosquitoes
  Menkaure (D:5)
  47 nagas
  A hydra simulacrum (Gauntlet)
  23 water moccasins
  2 acid dragons
  Duvessa (D:4)
  A water moccasin (shapeshifter) (Vaults:5)
  53 orc warriors
  3 black bears
  An ice beast (D:6)
  5 ogres
  11 wolves
  21 centaurs
  A phantom (D:4)
  A kobold brigand (D:8)
  9 bullfrogs
  An earth elemental (Elf:1)
  2 scorpions (D:8)
  5 small abominations (Depths:4)
  2 gnoll sergeants (D:8)
  3 wights (D:8)
  A hornet simulacrum (D:15)
  Dowan (D:4)
  16 killer bees
  4 howler monkeys
  5 lava snakes (D:11)
  3 jellies
  2 gnoll boudas (D:9)
  8 hounds
  23 orc priests
  2 sleepcaps
  Jessica (D:3)
  28 orc wizards
  An iguana (D:6)
  A boggart simulacrum (Gauntlet)
  Robin (D:3)
  38 gnolls
  9 adders
  A shadow imp (Gauntlet)
  2 white imps (Gauntlet)
  A worm (D:3)
  3 dart slugs
  94 orcs
  6 endoplasms
  3 giant cockroaches
  21 goblins
  18 hobgoblins
  4 jackals (D:1)
  8 quokkas
  6 ball pythons
  8 bats
  4 frilled lizards
  15 kobolds
  3 rats
1778 creatures vanquished.

Vanquished Creatures (collateral kills)
  A dread lich (Zot:5)
  A Killer Klown (Zot:5)
  A Tzitzimitl (Zot:1)
  9 Orb Guardians (Zot:5)
  2 death cobs (Zot:5)
  A draconian monk (Zot:5)
  2 storm dragons (Zot:5)
  A draconian scorcher (Zot:5)
  A draconian stormcaller (Zot:5)
  A green draconian (Zot:5)
  A white draconian (Zot:5)
  A red draconian (Zot:5)
  A moth of wrath (Zot:5)
  2 yaks (D:8)
  An ogre (Orc:2)
  A scorpion (D:6)
  An orc wizard (Orc:2)
  2 gnolls (D:6)
  A hobgoblin (D:3)
31 creatures vanquished.

Vanquished Creatures (others)
  A dread lich (Zot:5)
  An orb of fire (Zot:5)
  An ancient lich (Zot:5)
  5 Orb Guardians (Zot:5)
  A deep elf knight (Elf:1)
  A deep elf pyromancer (Elf:3)
  A deep elf zephyrmancer (Elf:2)
  An orange demon (D:8)
  A merfolk (Shoals:2)
  A wind drake (Shoals:1)
  A dream sheep (Lair:2)
  15 tentacles (Shoals:4)
30 creatures vanquished.

Grand Total: 1839 creatures vanquished

Notes
Turn   | Place    | Note
-------+----------+-------------------------------------------
     0 | D:1      | DevouringOne the Vampire Artificer began the quest for the
                  | Orb.
     0 | D:1      | Reached XP level 1. HP: 14/14 MP: 1/1
    15 | D:1      | Reached skill level 1 in Fighting
    60 | D:1      | Reached skill level 1 in Unarmed Combat
   111 | D:1      | Reached XP level 2. HP: 15/21 MP: 2/2
   237 | D:1      | Reached skill level 2 in Unarmed Combat
   496 | D:1      | Gained mutation: You are afflicted with vampirism and can
                  | become a bat while bloodless. [Vampire growth]
   496 | D:1      | Reached XP level 3. HP: 25/27 MP: 3/3
   983 | D:2      | Reached skill level 3 in Unarmed Combat
  1075 | D:2      | Reached XP level 4. HP: 33/33 MP: 4/4
  1592 | D:3      | Noticed Jessica
  1610 | D:3      | Killed Jessica
  1611 | D:3      | Reached skill level 4 in Unarmed Combat
  1734 | D:3      | Noticed Robin
  1787 | D:3      | Killed Robin
  1788 | D:3      | Reached XP level 5. HP: 38/39 MP: 5/5
  1801 | D:3      | Found an iron altar of Okawaru.
  2031 | D:3      | Found a runed translucent door.
  2032 | D:3      | Noticed Crazy Yiuf
  2098 | D:3      | Found an ornate altar of the Wu Jian Council.
  2211 | D:4      | Found Synel's Distillery.
  2239 | D:4      | Noticed an ogre
  2249 | D:4      | Killed an ogre
  2250 | D:4      | Reached skill level 5 in Unarmed Combat
  2250 | D:4      | Reached XP level 6. HP: 47/47 MP: 6/6
  2327 | D:4      | Noticed Dowan
  2491 | D:4      | Bought 2 potions of heal wounds for 120 gold pieces
  2519 | D:4      | Noticed Pikel
  2533 | D:4      | Killed Pikel
  2534 | D:4      | Reached skill level 7 in Unarmed Combat
  2534 | D:4      | Reached XP level 7. HP: 28/55 MP: 7/7
  2644 | D:4      | Noticed Duvessa
  2662 | D:4      | Killed Duvessa
  2663 | D:4      | Reached skill level 8 in Unarmed Combat
  2669 | D:4      | Reached XP level 8. HP: 48/61 MP: 8/8
  2684 | D:4      | Killed Dowan
  2685 | D:4      | Reached skill level 5 in Fighting
  2845 | D:5      | Entered Level 5 of the Dungeon
  3505 | D:5      | Noticed Menkaure
  3515 | D:5      | Killed Menkaure
  3516 | D:5      | Reached skill level 9 in Unarmed Combat
  3737 | D:6      | Found a large runed translucent door.
  3737 | D:6      | Found a large runed translucent door.
  3899 | D:6      | Found a burning altar of Makhleb.
  3904 | D:6      | Found a sacrificial altar of Ru.
  4029 | D:6      | Reached skill level 10 in Unarmed Combat
  4321 | D:6      | Found a staircase to the Ecumenical Temple.
  4331 | Temple   | Found a transporter.
  4331 | Temple   | Found a transporter.
  4331 | Temple   | Found a transporter.
  4331 | Temple   | Found a transporter.
  4331 | Temple   | Entered the Ecumenical Temple
  4349 | Temple   | Became a worshipper of Gozag Ym Sagoz the Greedy
  4435 | D:6      | Reached XP level 9. HP: 69/69 MP: 9/9
  5035 | D:7      | Found a flagged portal.
  5051 | D:7      | Reached skill level 11 in Unarmed Combat
  5097 | Bailey   | Entered a bailey
  5502 | Bailey   | Reached skill level 12 in Unarmed Combat
  5502 | Bailey   | Noticed an orc warlord
  5522 | Bailey   | Killed an orc warlord
  5523 | Bailey   | Reached XP level 10. HP: 46/80 MP: 6/10
  5552 | Bailey   | Reached skill level 13 in Unarmed Combat
  5583 | Bailey   | Noticed an orc knight
  5600 | Bailey   | Killed an orc knight
  5923 | Bailey   | Acquired 417 gold pieces
  5951 | D:7      | Bought a +2 buckler of protection for 322 gold pieces
  6225 | D:7      | Noticed Joseph
  6236 | D:7      | Killed Joseph
  6560 | D:8      | Reached skill level 14 in Unarmed Combat
  6777 | D:8      | Noticed a two-headed ogre
  6928 | D:8      | Killed a two-headed ogre
  7028 | D:8      | You fall into a shaft and drop 2 floors!
  7028 | D:10     | Entered Level 10 of the Dungeon
  7160 | D:9      | Found a staircase to the Orcish Mines.
  7227 | D:8      | Reached XP level 11. HP: 58/89 MP: 7/11
  7332 | D:8      | Noticed Amaemon
  7349 | D:8      | Killed Amaemon
  7350 | D:8      | Reached skill level 15 in Unarmed Combat
  7423 | D:8      | Found Loorghist's Book Shoppe.
  7786 | D:8      | Found a staircase to the Lair.
  8608 | D:10     | Noticed a white ugly thing
  8619 | D:10     | Reached skill level 16 in Unarmed Combat
  8630 | D:10     | Killed a white ugly thing
  8631 | D:10     | Reached skill level 10 in Fighting
  8782 | D:10     | Found a hide-covered altar of Uskayaw.
  9479 | D:11     | Noticed a boulder beetle
  9488 | D:11     | Killed a boulder beetle
  9577 | D:11     | Reached skill level 17 in Unarmed Combat
  9595 | D:11     | Reached XP level 12. HP: 39/99 MP: 6/12
  9978 | D:11     | Noticed a two-headed ogre
 10004 | D:11     | Killed a two-headed ogre
 10413 | Orc:1    | Entered Level 1 of the Orcish Mines
 10471 | Orc:2    | Entered Level 2 of the Orcish Mines
 10471 | Orc:2    | Noticed Snorg
 10792 | Orc:1    | Noticed an orc high priest
 10813 | Orc:1    | Killed an orc high priest
 10814 | Orc:1    | Reached skill level 18 in Unarmed Combat
 11307 | D:7      | Bought a +2 pair of boots of stealth for 322 gold pieces
 11307 | D:7      | Bought the +9 scales of the Dragon King {rPois rF+ rC+
                  | Will+} for 1872 gold pieces
 11307 | D:7      | Found the +9 scales of the Dragon King {rPois rF+ rC+
                  | Will+}
 11445 | Orc:2    | Found Ramuej's Distillery.
 11505 | Orc:2    | Bought a potion of heal wounds for 70 gold pieces
 11505 | Orc:2    | Bought a potion of curing for 42 gold pieces
 11783 | Orc:2    | Found a transporter.
 11785 | Orc:2    | Identified the +4 giant club "Leviticus" {elec, *Noise
                  | rElec Int+3 Dex+3}
 11785 | Orc:2    | Noticed an ettin
 11785 | Orc:2    | Noticed Agrajec's ghost (journeyman SpHu)
 11785 | Orc:2    | Noticed a two-headed ogre
 11786 | Orc:2    | Noticed a two-headed ogre
 11797 | Orc:2    | Found a transporter.
 12171 | Orc:2    | Found a staircase to the Elven Halls.
 12304 | Orc:2    | Noticed an orc high priest
 12310 | Orc:2    | Killed an orc high priest
 12311 | Orc:2    | Reached skill level 5 in Dodging
 12312 | Orc:2    | Found Nemuvox's Antique Weapon Shop.
 12500 | Orc:2    | Noticed an orc warlord
 12538 | Orc:2    | Killed an orc warlord
 12684 | Orc:2    | Found Onnaor's Antique Weapon Shop.
 12715 | Orc:2    | Found Zisyorog's Antique Armour Boutique.
 12894 | Lair:1   | Entered Level 1 of the Lair of Beasts
 12911 | Lair:1   | Found a gate leading to a gauntlet.
 12914 | Lair:1   | Noticed a boulder beetle
 12947 | Lair:1   | Killed a boulder beetle
 12964 | Gauntlet | Entered a Gauntlet
 12964 | Gauntlet | Found a transporter.
 12964 | Gauntlet | Found a transporter.
 12964 | Gauntlet | Found a transporter.
 13025 | Gauntlet | Found a transporter.
 13027 | Gauntlet | Found a transporter.
 13031 | Gauntlet | Found a runed translucent door.
 13031 | Gauntlet | Found a runed translucent door.
 13035 | Gauntlet | Found a transporter.
 13038 | Gauntlet | Found a transporter.
 13048 | Gauntlet | Found a transporter.
 13063 | Gauntlet | Found a transporter.
 13067 | Gauntlet | Noticed a death scarab
 13071 | Gauntlet | Noticed a death scarab
 13079 | Gauntlet | Found the sphere of Battle
 13085 | Gauntlet | Found a transporter.
 13086 | Gauntlet | Found a transporter.
 13096 | Gauntlet | Found a transporter.
 13141 | Gauntlet | Reached XP level 13. HP: 103/106 MP: 11/13
 13146 | Gauntlet | Reached skill level 1 in Armour
 13146 | Gauntlet | Reached skill level 1 in Shields
 13156 | Gauntlet | Identified the ring of Ates {rElec Int+6}
 13312 | Gauntlet | Identified the ring of Contentment {EV+5 Dex+2 SInv}
 13334 | Gauntlet | Identified the +7 chain mail of Wyeth {+Blink Int+3 SInv}
 13334 | Gauntlet | Noticed a minotaur
 13352 | Gauntlet | Killed a minotaur
 14314 | Lair:2   | Reached skill level 5 in Armour
 14625 | Lair:2   | Identified the +0 leather armour "Ibicvotz" {rPois rN+}
 14667 | Lair:2   | You fall into a shaft and drop 2 floors!
 15372 | Lair:3   | Found a staircase to the Shoals.
 15467 | Lair:3   | Found a staircase to the Snake Pit.
 15561 | Lair:3   | Reached XP level 14. HP: 89/113 MP: 10/14
 16220 | Lair:3   | Found a burning altar of Makhleb.
 16502 | Lair:4   | Reached skill level 10 in Armour
 16626 | Lair:4   | Noticed Nessos
 16634 | Lair:4   | Killed Nessos
 16689 | Lair:4   | Found a runed translucent gate.
 16689 | Lair:4   | Found a runed translucent gate.
 16689 | Lair:4   | Found a runed translucent gate.
 16689 | Lair:4   | Noticed ulamog's ghost (journeyman GrCj)
 16979 | Lair:4   | Found a staircase to the Slime Pits.
 17188 | Lair:2   | Bought the +3 pair of gauntlets of War {Slay+5} for 1757
                  | gold pieces
 17188 | Lair:2   | Found the +3 pair of gauntlets of War {Slay+5}
 17271 | Lair:4   | Acquired a manual of Armour
 17425 | Lair:5   | Entered Level 5 of the Lair of Beasts
 18292 | Lair:5   | Found a shadowy altar of Dithmenos.
 18810 | D:11     | Reached XP level 15. HP: 119/119 MP: 15/15
 18958 | D:11     | Noticed Maurice
 18962 | D:11     | Maurice stole a phial of floods
 18966 | D:11     | Killed Maurice
 19131 | D:12     | Found a runed translucent door.
 19131 | D:12     | Noticed Gomom's ghost (journeyman SpHu)
 19547 | D:12     | Killed Gomom's ghost
 19633 | D:13     | Reached skill level 15 in Armour
 20433 | D:14     | Found a gate to the Vaults.
 20434 | D:14     | Noticed a tengu reaver
 20447 | D:14     | Killed a tengu reaver
 21337 | D:15     | Entered Level 15 of the Dungeon
 21401 | D:15     | Noticed Agnes
 21713 | D:15     | Found a staircase to the Depths.
 21713 | D:15     | Noticed a tengu reaver
 21740 | D:15     | Killed a tengu reaver
 22359 | D:15     | Killed Agnes
 22736 | Snake:1  | Entered Level 1 of the Snake Pit
 22876 | Snake:1  | Found a one-way gate to the infinite horrors of the Abyss.
 22876 | Snake:1  | Noticed Taxman1966's ghost (adept TrBe)
 23299 | Snake:1  | Reached skill level 19 in Unarmed Combat
 23450 | Snake:1  | Found a transporter.
 23517 | Snake:1  | Bought a +0 cloak of willpower for 195 gold pieces
 23918 | Snake:1  | Found Etiybat's Distillery.
 23925 | Snake:1  | Bought 2 potions of heal wounds for 180 gold pieces
 23925 | Snake:1  | Bought a potion of heal wounds for 90 gold pieces
 23944 | Snake:1  | Found a transporter.
 24339 | Snake:2  | Reached XP level 16. HP: 85/132 MP: 0/16
 24573 | Snake:2  | Found a frozen archway.
 25540 | Snake:1  | Bought a potion of might for 72 gold pieces
 25540 | Snake:1  | Bought a potion of heal wounds for 90 gold pieces
 25540 | Snake:1  | Bought a potion of haste for 180 gold pieces
 25540 | Snake:1  | Bought a potion of haste for 180 gold pieces
 25540 | Snake:1  | Bought a potion of haste for 180 gold pieces
 25607 | Snake:3  | Noticed Louise
 25629 | Snake:3  | Killed Louise
 25630 | Snake:3  | Reached skill level 5 in Shields
 25715 | Snake:3  | Noticed Saint Roka
 25742 | Snake:3  | Killed Saint Roka
 26406 | Snake:4  | Entered Level 4 of the Snake Pit
 27084 | Snake:4  | Identified the +0 pair of gloves "Qogin" {Fly}
 27548 | Snake:4  | Reached skill level 10 in Shields
 27790 | Snake:4  | Reached XP level 17. HP: 115/140 MP: 13/17
 28343 | Snake:4  | Reached skill level 20 in Unarmed Combat
 28503 | Snake:4  | Reached skill level 15 in Fighting
 28859 | Snake:4  | Got a serpentine rune of Zot
 29072 | Shoals:1 | Entered Level 1 of the Shoals
 29145 | Shoals:1 | Found Wusepu's Armour Emporium.
 29855 | Shoals:4 | Entered Level 4 of the Shoals
 30070 | Shoals:4 | Noticed a kraken
 30248 | Shoals:4 | Got the Monograph on Frigorific Fumes
 30358 | Shoals:4 | Reached skill level 21 in Unarmed Combat
 31102 | Shoals:4 | Reached XP level 18. HP: 149/152 MP: 18/18
 31952 | Shoals:4 | Got a barnacled rune of Zot
 32014 | Shoals:2 | Noticed Kirke
 32014 | Shoals:2 | Found Larike's Jewellery Shop.
 32055 | Shoals:1 | Killed Kirke
 32603 | Elf:1    | Entered Level 1 of the Elven Halls
 32785 | Elf:1    | Reached skill level 22 in Unarmed Combat
 32817 | Elf:1    | Noticed Donald
 32826 | Elf:1    | Killed Donald
 32876 | Elf:1    | Found a magical portal.
 32895 | WizLab   | Entered The Hall of the Hellbinder
 33763 | Elf:2    | Found a runed translucent gate.
 33763 | Elf:2    | Found a runed translucent gate.
 33763 | Elf:2    | Found a runed translucent gate.
 34155 | Elf:3    | Entered Level 3 of the Elven Halls
 34315 | Elf:3    | Found a shimmering blue altar of Sif Muna.
 34378 | Elf:3    | Found Buut Lao's Antique Weapon Shop.
 34996 | Elf:3    | Reached skill level 23 in Unarmed Combat
 35000 | Elf:3    | Reached XP level 19. HP: 108/163 MP: 15/19
 35416 | Elf:3    | Identified the +5 plate armour "Xupuluq" {rF+ rN+ Str+3}
 35418 | Elf:3    | Identified the +8 glaive "Demonbane" {freeze, Dex+4}
 35418 | Elf:3    | Identified the amulet "Iriut" {Reflect rC++ SH+5 SInv}
 35564 | Elf:3    | Identified the +8 dagger "Annutuusch" {heavy, Str+2 Int+2}
 35745 | Elf:3    | Identified the +6 quarterstaff of Madwi {spect, rF- Will+
                  | Str+2 Int+6}
 35771 | Elf:3    | Identified the +8 long sword "Hoorch" {speed, *Slow rElec
                  | rF+++ Int-5}
 35831 | Elf:3    | Got Sif Muna's Elucidation of Rime and Striking
 35841 | Elf:3    | Got Zon Noer's Guide on Modification and Bedrock
 35848 | Elf:3    | Identified the +9 orcbow of the Howling One {elec, rPois
                  | Str+2 SInv}
 36166 | Vaults:1 | Entered Level 1 of the Vaults
 36177 | Vaults:1 | Bought the ring "Kamirgh" {Drain rN++ AC+4 Str+3 SInv} for
                  | 817 gold pieces
 36177 | Vaults:1 | Bought the ring of Lies {rElec Will+ Dex+3 Slay+2} for 751
                  | gold pieces
 36916 | Vaults:1 | Reached skill level 24 in Unarmed Combat
 37562 | Vaults:1 | Found Munais's Antique Armour Boutique.
 38071 | Vaults:2 | Noticed Norris
 38103 | Vaults:2 | Killed Norris
 38129 | Vaults:2 | Reached XP level 20. HP: 128/174 MP: 20/20
 38412 | Vaults:2 | Found a staircase to the Crypt.
 38431 | Vaults:2 | Found Hema's Antique Weapon Shop.
 38770 | Vaults:2 | Noticed Frederick
 38790 | Vaults:2 | Killed Frederick
 39429 | Vaults:3 | Reached skill level 25 in Unarmed Combat
 40133 | Vaults:3 | Found Zuelon's Weapon Shoppe.
 40473 | Vaults:3 | Noticed a golden dragon
 40486 | Vaults:3 | Killed a golden dragon
 40523 | Vaults:3 | Found the +5 glaive of the Guard {elec, spectral}
 41061 | Vaults:4 | Identified the +4 glaive "Newtbane" {protect, rN++ Will+}
 41291 | Vaults:4 | Reached skill level 26 in Unarmed Combat
 41349 | Vaults:4 | Reached XP level 21. HP: 146/186 MP: 21/21
 42110 | Vaults:4 | Reached XP level 22. HP: 194/194 MP: 22/22
 42238 | Vaults:5 | Entered Level 5 of the Vaults
 42294 | Vaults:5 | Noticed an ancient lich
 42307 | Vaults:5 | Noticed a golden dragon
 42322 | Vaults:5 | Killed an ancient lich
 42337 | Vaults:5 | Killed a golden dragon
 42423 | Vaults:5 | Identified the ring "Ylupidym" {Will+ Str+2}
 43060 | Vaults:5 | Identified the +11 mace of Experimentation {heavy, rPois
                  | Dex+4}
 43062 | Vaults:5 | Noticed an ancient lich
 43071 | Vaults:5 | Noticed a golden dragon
 43087 | Vaults:5 | Killed an ancient lich
 43112 | Vaults:5 | Killed a golden dragon
 43401 | Vaults:5 | Identified the +3 eveningstar of the Powerful God
                  | {antimagic, Contam rPois Str+4 Dex+3}
 43879 | Vaults:5 | Got a silver rune of Zot
 43962 | Vaults:5 | Reached XP level 23. HP: 199/207 MP: 23/23
 44380 | Vaults:5 | Identified the ring of Vacsagh {rPois Will+ Slay+2}
 44633 | Depths:1 | Entered Level 1 of the Depths
 44662 | Depths:1 | Bought the +2 shield of Resistance {rF++ rC++ Will++} for
                  | 2115 gold pieces
 44662 | Depths:1 | Found the +2 shield of Resistance {rF++ rC++ Will++}
 45230 | Depths:1 | Found a gateway to Hell.
 45280 | Depths:1 | Found a one-way gateway to a ziggurat.
 45334 | Zig:1    | Entered Level 1 of a ziggurat
 45440 | Zig:2    | Entered Level 2 of a ziggurat
 45447 | Zig:2    | Gained mutation: You occasionally lose the ability to read
                  | scrolls when taking damage. [a shining eye]
 45464 | Zig:2    | Lost mutation: You occasionally lose the ability to read
                  | scrolls when taking damage. [potion of mutation]
 45464 | Zig:2    | Gained mutation: Your body sometimes deteriorates upon
                  | taking damage. [potion of mutation]
 45464 | Zig:2    | Gained mutation: Your spells are a little harder to cast,
                  | but a little more powerful. [potion of mutation]
 45465 | Zig:2    | Lost mutation: Your spells are a little harder to cast, but
                  | a little more powerful. [potion of mutation]
 45465 | Zig:2    | Lost mutation: Your body sometimes deteriorates upon taking
                  | damage. [potion of mutation]
 45465 | Zig:2    | Gained mutation: You are frail. (-10% HP) [potion of
                  | mutation]
 45465 | Zig:2    | Gained mutation: You are very frail. (-20% HP) [potion of
                  | mutation]
 45466 | Zig:2    | Lost mutation: You are very frail. (-20% HP) [potion of
                  | mutation]
 45466 | Zig:2    | Lost mutation: You are frail. (-10% HP) [potion of
                  | mutation]
 45466 | Zig:2    | Gained mutation: Your muscles are strong. (Str +4, Int/Dex
                  | -1) [potion of mutation]
 45466 | Zig:2    | Gained mutation: You are occasionally teleported next to
                  | monsters. [potion of mutation]
 45467 | Zig:2    | Lost mutation: Your muscles are strong. (Str +4, Int/Dex
                  | -1) [potion of mutation]
 45467 | Zig:2    | Lost mutation: You are occasionally teleported next to
                  | monsters. [potion of mutation]
 45467 | Zig:2    | Gained mutation: You have sharp fingernails. [potion of
                  | mutation]
 45467 | Zig:2    | Gained mutation: Your muscles are strong. (Str +4, Int/Dex
                  | -1) [potion of mutation]
 45467 | Zig:2    | Gained mutation: You have an increased reservoir of magic.
                  | (+10% MP) [potion of mutation]
 45521 | Zig:3    | Entered Level 3 of a ziggurat
 45685 | Zig:3    | Identified the +3 short sword of the Desolation of Salt
                  | {freeze, Will+ rCorr}
 45696 | Zig:4    | Entered Level 4 of a ziggurat
 45714 | Zig:4    | Identified the ring "Fuboiwai" {Wiz Will+ Str+2}
 45912 | Depths:1 | Found a bloodstained altar of Trog.
 45914 | Depths:1 | Identified the +0 ring mail of Hytoyqur {Regen+ rCorr
                  | Str+3}
 46100 | Depths:2 | Found a one-way gate leading to the halls of Pandemonium.
 46155 | Depths:4 | Entered Level 4 of the Depths
 47387 | Depths:4 | Found a gate to the Realm of Zot.
 47535 | Zot:1    | Entered Level 1 of the Realm of Zot
 47663 | Zot:3    | Noticed a curse toe
 47687 | Zot:3    | Killed a curse toe
 47881 | Zot:5    | Entered Level 5 of the Realm of Zot
 48218 | Zot:5    | Noticed an ancient lich
 48219 | Zot:5    | Noticed a dread lich
 48226 | Zot:5    | Killed an ancient lich
 48231 | Zot:5    | Noticed an orb of fire
 48243 | Zot:5    | Noticed an orb of fire
 48247 | Zot:5    | Noticed a dread lich
 48248 | Zot:5    | Noticed a Killer Klown
 48249 | Zot:5    | Noticed a Killer Klown
 48249 | Zot:5    | Killed a dread lich
 48253 | Zot:5    | Killed a dread lich
 48259 | Zot:5    | Killed a Killer Klown
 48260 | Zot:5    | Killed an orb of fire
 48262 | Zot:5    | Killed a Killer Klown
 48265 | Zot:5    | Noticed a Killer Klown
 48267 | Zot:5    | Noticed a Killer Klown
 48271 | Zot:5    | Killed a Killer Klown
 48276 | Zot:5    | Killed a Killer Klown
 48278 | Zot:5    | Noticed a Killer Klown
 48278 | Zot:5    | Noticed an orb of fire
 48279 | Zot:5    | Noticed a dread lich
 48280 | Zot:5    | Noticed a Killer Klown
 48291 | Zot:5    | Reached XP level 24. HP: 161/217 MP: 25/25
 48295 | Zot:5    | Killed a dread lich
 48296 | Zot:5    | Reached skill level 15 in Shields
 48301 | Zot:5    | Killed an orb of fire
 48308 | Zot:5    | Killed a Killer Klown
 48311 | Zot:5    | Killed a Killer Klown
 48655 | Zot:5    | Got the Orb of Zot
 48918 | Depths:4 | Noticed Zabbefim the pandemonium lord
 48928 | Depths:4 | Killed Zabbefim the pandemonium lord
 48942 | Depths:4 | Noticed Cazidgh the pandemonium lord
 48959 | Depths:4 | Killed Cazidgh the pandemonium lord
 49277 | D:9      | Noticed Vicor the pandemonium lord
 49393 | D:5      | Noticed Riytt the pandemonium lord
 49474 | D:$      | Escaped with the Orb!

Illustrated notes

Levels and vault maps discovered:
D:1:      dpeg_arrival_rhombus, layout_basic
D:2:      layout_rooms, serial_bayou_lake_a
D:3:      layout_loops_ring, nicolae_wu_jian_immortal_techniques,
          okawaru_gym_becter, uniq_robin, uniq_jessica, uniq_crazy_yiuf_cottage
D:4:      layout_basic, kennysheep_windowed_goal, uniq_pikel, uniq_duvessa
D:5:      layout_gridville, dreamdust_gnoll_farm, uniq_menkaure
D:6:      layout_loops_ring, nicolae_tso_carved_into_rock,
          jmf_multi_god_temple2, minmay_temple_entry_offerings
D:7:      layout_cave_pods, nicolae_hepliaklqana_monster_ancestors,
          enter_bailey_2, serial_bayou_pond_d, uniq_joseph
D:8:      layout_basic, grunt_lair_entry_orc_guard_hut, serial_shops,
          shop_fountains, uniq_amaemon
D:9:      layout_loops_ring, orc_0_dummy
D:10:     layout_rooms, mainiacjoe_overflow_cross_hatched
D:11:     cheibrodos_magma_flow, layout_loops_ring, minmay_increasing_density,
          uniq_maurice
D:12:     layout_rooms, hellmonk_ghost_happy_afterlife, hex_large
D:13:     layout_roguey
D:14:     layout_irregular_city, hellmonk_vaults_attempted_burglary,
          chequers_serial_rivers_micro_b, chequers_serial_rivers_small_3
D:15:     hellmonk_depths_entry_around_the_bend, layout_long_grid,
          minmay_misc_feat_five, uniq_agnes
Temple:   hellmonk_temple_divided_pantheon
Lair:1:   layout_long_grid, gauntlet_entry_generic
Lair:2:   layout_cave_pods, grunt_megastairs_3
Lair:3:   layout_cellular_growth, minmay_shoals_entry_beasts,
          minmay_snake_entry_six_corridors, basic_altar, nzn_sisyphean_effort
Lair:4:   layout_regular_city, dpeg_slime_entry_enclosed,
          gammafunk_ghost_necromancy, lemuel_fruit_fields, uniq_nessos
Lair:5:   evilmike_catoblepas_cave, layout_cave_shapes, basic_altar,
          grunt_megastairs_1
Shoals:1: layout_shoals, serial_shops, nicolae_shop_competitors_out_of_business,
          abandoned_shop, dpeg_stationary_puzzle, uniq_nikola
Shoals:2: layout_shoals, nicolae_stop_n_shop_1, uniq_kirke
Shoals:3: layout_shoals
Shoals:4: shoals_end_hellmonk_holy_island
Snake:1:  layout_chambers, serial_shops, nicolae_shop_tiny_waterfront,
          gammafunk_ghost_abyssal_escape
Snake:2:  layout_cave_shapes, portal_ice_cave_entry_pillars_four,
          nicolae_snake_boneroom
Snake:3:  layout_concentric_octagons, uniq_saint_roka, uniq_louise
Snake:4:  johnstein_snake_rune_scales, layout_chambers, serial_bayou_shore_a
Orc:1:    layout_diamond_mine, bh_open_orc_temple
Orc:2:    grunt_orc_community_town_hall, layout_caves,
          grunt_orc_community_big_house_1, grunt_orc_community_big_house_2,
          grunt_orc_community_house_1, grunt_orc_community_house_3,
          grunt_orc_community_house_1, grunt_orc_community_house_3,
          grunt_orc_community_house_3, grunt_orc_community_house_2,
          gammafunk_ghost_smash, uniq_snorg
Elf:1:    layout_loops_corners, infiniplex_enter_wizlab_glasses,
          hangedman_elf_represent, hangedman_research_pyrotechnics, uniq_donald
Elf:2:    elven_hall_of_blades_hangedman_original [nicolae_blade_bullseye],
          layout_geoelf_grid, uniq_asterion
Elf:3:    minmay_elf_hall, layout_loops_corners, serial_shops,
          nicolae_shop_back_alley_shop, hellmonk_sif_muna_bookshelves
Vaults:1: nicolae_vaults_sesquioval_fish, hangedman_vaults_cutoff,
          hangedman_vaults_restitches, hangedman_vaults_stream,
          nicolae_vaults_tetromino_L_1, vaults_mumra_bighexcomb,
          vaults_room_pool, layout_vaults_quadrants, serial_shops,
          nicolae_shop_crystal
Vaults:2: v_misc_12, v_misc_11, nicolae_vaults_tangram_2,
          nicolae_vaults_diamond_2, nicolae_vaults_closet_pinwheel_2, v_misc_11,
          nicolae_vaults_house_2, nicolae_vaults_oval_intersection,
          vaults_room_fours, v_rooms_4, nicolae_vaults_trapezoid_2,
          blue_anna_dwarven_crypt, nicolae_vaults_tetromino_Z_1,
          layout_vaults_maze_snakey, serial_shops, shop, uniq_frederick,
          uniq_norris
Vaults:3: nicolae_vaults_house_2, nicolae_vaults_twisting_passages,
          nicolae_vaults_cochlea, v_misc_9, minmay_guarded_unrand_guard,
          nicolae_vaults_ellipses_ellipsis, grunt_vaults_focal,
          nicolae_vaults_six-pack, nicolae_vaults_surprise_closet,
          vaults_dpeg_ring, ontoclasm_vaults_gateway, layout_vaults_omnicross,
          serial_shops, nicolae_square_shop
Vaults:4: ontoclasm_vaults_chip, nicolae_vaults_storage_closets_2, v_rooms_1,
          nicolae_vaults_off_center_swirl, nicolae_vaults_network_star,
          v_misc_19, vaults_standard_mumra_lines, vaults_room_door_hall,
          nicolae_vaults_little_squares_4, vaults_room_grid,
          ontoclasm_vaults_ligature, nicolae_vaults_offset_grid_hallway_4,
          v_misc_25, vaults_room_pool, layout_vaults_omnibox
Vaults:5
Depths:1: layout_long_grid, enter_ziggurat_d, hellmouth_3, moated_statue,
          abyss_entry_small_statue_room, kennysheep_minor_cross,
          chequers_serial_rivers_micro_e, st_stairs_3, drop_trap,
          trog_three_pillars_becter
Depths:2: hangedman_elemental_death_ray, layout_basic, pan_entry,
          nicolae_qazlal_general_emergency, pf_vacation_house_of_asmodeus
Depths:3: cheibrodos_hall_of_evolution, layout_basic, pf_hell_entry_tar_river,
          abyss_entry, nicolae_uskayaw_murder_on_the_dancefloor,
          minmay_stone_trees_medium, uniq_vv
Depths:4: grunt_zot_entry_hairpin, layout_gridville,
          minmay_misc_feat_more_columns, minmay_room_of_horrors, hell_entry,
          zin_academy
Zot:1:    layout_cathedral_of_symmetry, skrybe_zot_glass_3
Zot:2:    hellmonk_paralyzer, layout_basic, gammafunk_ghost_wrathful_warriors,
          regret_index_zotdec_ex
Zot:3:    layout_gridlike, regret_index_zotdec_icy_dp
Zot:4:    kennysheep_ambush_hall, layout_gridlike,
          regret_index_zotdec_twisting_globes
Zot:5:    layout_twisted_circle

Skill      XL: |  1  2  3  4  5  6  7  8  9 10 11 12 13 14 15 16 17 18 19 20 21 22 23 24 |
---------------+-------------------------------------------------------------------------+-----
Fighting       | 1 2 3 4 6 7 9 10 11 13 14 16 18 19 21 23 24 | 24.2
Unarmed Combat | 1 2 3 4 5 7 8 10 12 14 17 18 19 21 23 24 26 | 26.5
Dodging        | 8 |  8.5
Armour         | 8 14 15 | 15.1
Shields        | 4 10 14 17 | 17.2
Stealth        | |  1.5
Evocations     | |  2.6

Action                     |  1- 3 |  4- 6 |  7- 9 | 10-12 | 13-15 | 16-18 | 19-21 | 22-24 || total
---------------------------+-------+-------+-------+-------+-------+-------+-------+-------++-------
  Melee: Unarmed           |   142 |   170 |   294 |   879 |  1424 |  1659 |  1165 |  1245 ||  6978
         Club              |     4 |       |       |       |       |       |       |       ||     4
         Bite              |    14 |    25 |    39 |   107 |   216 |   249 |   197 |   274 ||  1121
         Punch             |     2 |       |       |       |       |       |       |       ||     2
  Throw: Throwing net      |       |       |       |     2 |       |       |       |       ||     2
         Javelin           |       |       |       |     2 |       |       |       |       ||     2
 Invoke: Call Merchant     |       |       |       |     1 |     3 |       |     1 |     2 ||     7
         Potion Petition   |       |       |       |       |     1 |     2 |       |       ||     3
         Bribe Branch      |       |       |       |       |       |       |       |     1 ||     1
  Evoke: Wand              |     2 |     9 |    16 |    23 |     1 |    22 |       |     3 ||    76
         Box of beasts     |       |       |       |     2 |     1 |     1 |       |       ||     4
         Phantom mirror    |       |       |       |       |     1 |     1 |     1 |       ||     3
         Lightning rod     |       |       |       |       |       |    11 |       |     5 ||    16
    Use: Potion            |       |     1 |     1 |     4 |     4 |     7 |     1 |    12 ||    30
         Scroll            |       |       |     9 |    11 |    16 |    14 |     1 |    19 ||    70
   Stab: Sleeping          |     2 |     1 |       |       |       |       |       |       ||     3
         Distracted        |       |       |     1 |     8 |     8 |     7 |    15 |    10 ||    49
         Invisible         |       |       |       |     6 |     1 |     3 |       |       ||    10
         Petrified         |       |       |       |       |     2 |       |       |       ||     2
 Armour: Leather armour    |    80 |       |       |       |       |       |       |       ||    80
         Ring mail         |    20 |    87 |   191 |   345 |       |       |       |       ||   643
         Gold dragon scale |       |       |       |   193 |  1290 |  1372 |   606 |   705 ||  4166
  Dodge: Dodged            |   105 |    69 |   147 |   247 |   365 |   350 |   127 |   155 ||  1565
  Block: Buckler           |       |    32 |    49 |   184 |   413 |    81 |       |       ||   759
         Kite shield       |       |       |       |       |       |   892 |   753 |   816 ||  2461
         Tower shield      |       |       |       |       |       |    27 |    13 |       ||    40
         Reflection        |       |       |       |       |       |   118 |   101 |    15 ||   234
         Other             |       |       |       |       |       |       |     2 |       ||     2

Table legend: (Time is in decaauts)
 A = Elapsed time spent in this place.
 B = Non-inter-level travel time spent in this place.
 C = Inter-level travel time spent in this place.
 D = Time resting spent in this place.
 E = Time spent auto-exploring this place.
 F = Levels seen in this place.
 G = Mean time per level.
                   A        B        C        D        E       F      G
               +--------+--------+--------+--------+--------+-----+--------+
         Total |  47511 |  42499 |   5012 |   3060 |  29052 |  55 |  863.8 |
       Dungeon |  14255 |  12346 |   1909 |    654 |   9143 |  15 |  950.3 |
        Temple |     36 |      4 |     32 |      0 |      0 |   1 |   36.0 |
          Lair |   5279 |   4734 |    545 |    117 |   3461 |   5 | 1055.8 |
        Shoals |   3299 |   2843 |    456 |    819 |   1048 |   4 |  824.8 |
     Snake Pit |   5970 |   5626 |    344 |    206 |   4070 |   4 | 1492.5 |
  Orcish Mines |   2205 |   1819 |    386 |     45 |   1344 |   2 | 1102.5 |
   Elven Halls |   3224 |   3005 |    219 |    176 |   2131 |   3 | 1074.7 |
        Vaults |   7848 |   7530 |    318 |    266 |   5502 |   5 | 1569.6 |
        Depths |   2571 |   2324 |    247 |     31 |   1633 |   4 |  642.8 |
           Zot |   1192 |    640 |    552 |    349 |      0 |   5 |  238.4 |
      Ziggurat |    358 |    358 |      0 |    137 |    145 |   4 |   89.5 |
        Bailey |    831 |    831 |      0 |    248 |    330 |   1 |  831.0 |
        Wizlab |     19 |     19 |      0 |      0 |      7 |   1 |   19.0 |
      Gauntlet |    418 |    418 |      0 |      8 |    237 |   1 |  418.0 |
               +--------+--------+--------+--------+--------+-----+--------+

Top non-repeatable levels by time:
 Snake:4: 2289 daAuts
Vaults:5: 2026 daAuts
    D:11: 1756 daAuts
   Elf:3: 1708 daAuts
Vaults:1: 1596 daAuts
Shoals:4: 1484 daAuts
 Snake:1: 1475 daAuts
Vaults:2: 1470 daAuts
     D:8: 1459 daAuts
Depths:4: 1444 daAuts
   Orc:2: 1425 daAuts
Vaults:4: 1390 daAuts
Vaults:3: 1364 daAuts
  Lair:3: 1323 daAuts
  Lair:2: 1259 daAuts
